woodfighter, lawful female dwarven Priestess ..| ...--- ......-- |.| ...@...h#|.| ..q.f.--##.| -..--- |.| ..-----|.| ...||.| -.--.| |....--- |-.....| |......| --.----- --- woodfighter the Adept Experience level: 7 Strength: 18 Dexterity: 14 Constitution: 17 Intelligence: 17 Wisdom: 9 Charisma: 10 Health: 0(61) Energy: 26(26) Def: 4 Gold: 85 Moves: 6770 Dungeon seed: JH4XDR_bKKEaiwwG Game ID: woodfighter_1553671801 Your Inventory: Coins $ - 85 gold pieces Weapons a - a blessed +2 dwarvish spear named Spear of Honor (weapon in hand) g - a blessed +2 dwarvish spear h - a blessed +1 dwarvish spear (in quiver) K - 2 +0 dwarvish spears Armor e - a +0 robe (being worn) n - a +0 small shield (being worn) z - a +0 mummy wrapping N - a blessed +0 helmet (being worn) Comestibles d - 3 sprigs of wolfsbane j - a tripe ration J - 3 food rations Scrolls O - a cursed scroll of enchant armor Potions P - a potion of sickness Q - a potion of object detection Rings p - a ring of poison resistance (on left hand) u - a ring of see invisible (on right hand) Tools s - an oilskin sack w - a magic whistle L - a +0 pick-axe R - an oil lamp (lit) (0:559) Gems q - a luckstone r - a touchstone Spells and supernatural/magical abilities: Name Level Category Fail Memory h - healing 1 healing 0% 67% l - light 1 divination 0% 67% r - remove curse 3 clerical 0% 67% W - pray for help -- divine ? -- X - turn undead -- divine ? -- Your skills at the end: Miscellaneous Skills shield [Basic] wands [Basic] Weapon Skills pick-axe [Basic] mace [Basic] spear [Basic] Spellcasting Skills clerical spells [Basic] Final Attributes: You were piously aligned. You were poison resistant. Your writing hand was ok. You saw invisible. You had infravision. You were stealthy. You were lucky. You had extra luck. Bad luck did not time out for you. Good luck did not time out for you. You are dead. Vanquished creatures: a ghost 2 giant mimics a quantum mechanic a giant beetle a piranha a dingo a wood nymph a pony a fog cloud a shrieker a kobold mummy a red naga hatchling a gray ooze 2 elf zombies 2 giant ants 3 puppies a kitten a homunculus 2 centipedes 2 jitterbugs 2 giant bats a gas spore a large kobold 4 geckos 2 giant rats 4 cave spiders 2 yellow molds 2 green molds a red mold a gnome 3 garter snakes 3 manes 14 jackals 2 foxes 3 kobolds 9 newts 6 goblins 5 sewer rats 4 grid bugs 3 bats 11 lichens 6 kobold zombies 116 creatures vanquished. Voluntary challenges: You did not cause conflict. You were not invisible. You did not have reflection. You were not displaced. You used a wielded weapon 135 times, starting on turn 124. You did not apply a unicorn horn. You did not use plumbed fixtures. You did not drink any magical draughts. You read items or engraved 2 times, starting on turn 2621. You never genocided any monsters. You never polymorphed an object. You never changed form. You completed Sokoban on turn 5671, according to the rules. You used no wishes. You never split a pudding. You never wrote Elbereth's name. You never violated your personal moral code. Dungeon overview: The Dungeons of Doom: levels 1 to 6 Level 1 a long staircase Level 2 a general store, a fountain Level 3 a potion shop, a fountain stairs to The Gnomish Mines Level 4 (eyes + box) a sink Level 5 many fountains Level 6 (water) stairs to Sokoban The Gnomish Mines: levels 4 to 7 Level 4 stairs to The Dungeons of Doom Level 5 Level 7 <- You were here Sokoban: levels 2 to 5 Level 2 a magic chest Level 3 Level 4 Level 5 a magic chest stairs to The Dungeons of Doom History has recorded: On T:1 you entered the Dungeons of Doom to retrieve the Amulet of Yendor! On T:190 you reached level 2 of The Dungeons of Doom. On T:988 you reached level 3 of The Dungeons of Doom. On T:1110 you advanced to experience level 2. On T:1153 you reached level 1 of The Gnomish Mines. On T:1272 you reached level 4 of The Dungeons of Doom. On T:1402 you prayed to Mercury. On T:1421 you advanced to experience level 3. On T:1730 you reached level 5 of The Dungeons of Doom. On T:1934 you advanced to experience level 4. On T:2260 you reached level 6 of The Dungeons of Doom. On T:3455 you reached level 4 of Sokoban. On T:3479 you advanced to experience level 5. On T:3529 you opened a magic chest. On T:4060 you reached level 3 of Sokoban. On T:4308 you reached level 2 of Sokoban. On T:4858 you reached level 1 of Sokoban. On T:5671 you advanced to experience level 6. On T:5671 you entered the Sokoban zoo. On T:6466 you advanced to experience level 7. On T:6472 you reached level 2 of The Gnomish Mines. On T:6717 you reached level 4 of The Gnomish Mines. Score breakdown: Gold: 85 ( 8 points) Experience: 7 levels ( 600 points) Exploration: 7 levels ( 180 points) Discoveries: 16 items ( 800 points) Variety of kills: 42 monsters ( 2000 points) Major goal: finished Sokoban ( 1000 points) Survival: died (score multiplied by 3) Total score: 13764 Latest messages: You are now wielding your pick-axe. You start digging. You hit the rock with all your might. You make an opening in the wall. You start digging. You hit the rock with all your might. You succeed in cutting away some rock. You start digging. You hit the rock with all your might. You hear rumbling in the distance. You succeed in cutting away some rock. You start digging. You hit the rock with all your might. You make an opening in the wall. You are now wielding your dwarvish spear named Spear of Honor. You stop exploring. (2x) You miss the mumak. The mumak butts! The mumak bites! You jab the mumak! (2x) The mumak butts! You die... The oilskin sack is empty. The oilskin sack is empty. Final status: Goodbye woodfighter the Priestess, killed by a mumak... You died in The Gnomish Mines on dungeon level 7 with 13764 points, and 85 pieces of gold, after 6770 moves. You were level 7 with a maximum of 61 hit points when you died.